 Dungeon Crawl Stone Soup version 0.16-a0-4092-gb8933cd (webtiles) character file.

1544 dithyrambik the Archer (level 8, -11/66 HPs)
             Began as a Centaur Hunter on Feb 24, 2015.
             Killed by divine providence
             ... invoked by an orc priest
              (13 damage)
             ... on level 6 of the Dungeon.
             The game lasted 00:59:55 (9072 turns).

dithyrambik the Archer (Centaur Hunter)             Turns: 9072, Time: 00:59:55

Health: -11/66     AC: 20    Str: 17    XL:     8   Next: 56%
Magic:  6/6        EV:  7    Int: 13    God:
Gold:   252        SH:  0    Dex: 10    Spells: 0 memorised, 7 levels left

rFire  . . .     SeeInvis .     C - +0 scythe
rCold  + . .     Clarity  .     a - +2 leather armour {rC+}
rNeg   . . .     SustAb   .     (no shield)
rPois  .         Gourm    .     l - +1 helmet
rElec  .         Spirit   .     E - +0 cloak
rCorr  .         Warding  .     (no gloves)
rMut   .         Stasis   .     y - +0 centaur barding
MR     .....                    (no amulet)
Stlth  +.........               z - +6 ring of protection
                                e - +3 ring of intelligence

@: very quick, not resistant to hostile enchantments, very unstealthy
A: hooves 3, deformed body, speed 2, tough skin 3
a: no special abilities


You were on level 6 of the Dungeon.
You were not hungry.

You visited 1 branch of the dungeon, and saw 6 of its levels.

You collected 252 gold pieces.

Inventory:

Hand weapons
 b - a +1 shortbow
 g - a +1 falchion of flaming
 t - a +0 trident of protection
 C - a +0 scythe (weapon)
 D - a +2 quarterstaff of chaos
Missiles
 c - 20 arrows
 w - 2 throwing nets (quivered)
Armour
 a - a +2 leather armour of cold resistance (worn)
 d - a +0 leather armour
 l - a +1 helmet (worn)
 n - a +0 chain mail
 y - a +0 centaur barding (worn)
 E - a +0 cloak (worn)
Jewellery
 e - a +3 ring of intelligence (left hand)
 h - an uncursed ring of fire
 m - an uncursed ring of wizardry {unknown}
 r - an uncursed ring of sustain abilities {unknown}
 z - a +6 ring of protection (right hand)
Scrolls
 q - 2 scrolls of amnesia {unknown}
 u - a scroll of recharging
 A - a scroll of teleportation
 F - a scroll of identify
 G - a scroll of immolation {unknown}
Potions
 i - 2 potions of cancellation
 j - 5 potions of heal wounds {unknown}
 k - 2 potions of might {unknown}
 p - a potion of magic {unknown}
 s - 2 potions of degeneration {unknown}
 v - 5 potions of curing {unknown}
 x - a potion of agility {unknown}
Comestibles
 f - 3 bread rations
 o - 2 meat rations


   Skills:
 + Level 4.2 Fighting
 + Level 3.4 Polearms
 * Level 11.8 Bows
 + Level 2.7 Armour
 - Level 1.3 Dodging
 - Level 0.5 Stealth


You had 7 spell levels left.
You didn't know any spells.

Dungeon Overview and Level Annotations

Branches:
Dungeon (6/15)             Temple (0/1) D:6

Altars:

Annotations:
D:5 Spolavi's ghost, experienced GrFi


Innate Abilities, Weirdness & Mutations

You have hooves in place of feet.
Armour fits poorly on your strangely shaped body.
You cover ground very quickly.
You have extremely tough skin (AC +3).


Message History

The orc warrior is heavily wounded.
The orc warrior hits you with a hand axe! x2
You slash the orc warrior!
You kill the orc warrior!
The orc priest invokes the aid of Beogh against you.
Something smites you!
* * * LOW HITPOINT WARNING * * *
You are too injured to fight recklessly!
Things that are here:
a hand axe; a chain mail The orc priest hits you but does no damage.
You are electrocuted!
* * * LOW HITPOINT WARNING * * *
Drink which item? (? for menu, Esc to quit)
Okay, then.
Read which item? (? for menu, Esc to quit)
Okay, then.
The orc priest calls down the wrath of Beogh upon you.
Something smites you!
You die...

##### #########
#>..########.........
#.#..@.ol(..(....#
#<..########.###.#
##.## #.# #.# #.# #.#
#.# #.# ##.## #.#
###...# #.# #.....#
#.# #.#...#


You could see an orc priest and a giant gecko.

Vanquished Creatures
  Eustachio (D:4)
  An ice beast (D:5)
  5 ogres
  An orc warrior (D:6)
  Sigmund (D:4)
  Duvessa (D:3)
  2 crimson imps (D:5)
  Dowan (D:4)
  The ghost of dysrexia the Scratcher, a weakling FeCK of Xom (D:4)
  Crazy Yiuf (D:6)
  An orc priest (D:6)
  A hound (D:3)
  2 orc wizards (D:3)
  3 worker ants
  2 iguanas
  A killer bee zombie (D:4)
  Ijyb (D:3)
  4 gnolls (D:4)
  7 adders
  A giant mite (D:5)
  3 worms (D:3)
  An adder skeleton (D:4)
  5 giant geckos
  2 oozes
  25 orcs
  A ball python (D:3)
  12 bats
  A bat skeleton (D:4)
  3 giant cockroaches
  16 goblins
  13 hobgoblins
  6 jackals
  8 kobolds
  3 giant newts
  A jackal skeleton (D:4)
  8 rats
146 creatures vanquished.

Vanquished Creatures (others)
  An orc (D:6)
  A giant spore (D:6)
2 creatures vanquished.

Grand Total: 148 creatures vanquished

Notes
Turn   | Place    | Note
--------------------------------------------------------------
     0 | D:1      | dithyrambik, the Centaur Hunter, began the quest for the Orb.
     0 | D:1      | Reached XP level 1. HP: 17/17 MP: 1/1
   272 | D:1      | Reached XP level 2. HP: 16/24 MP: 2/2
   275 | D:1      | Reached skill level 6 in Bows
   881 | D:1      | Reached XP level 3. HP: 27/29 MP: 3/3
  1250 | D:2      | Reached skill level 7 in Bows
  1777 | D:2      | Reached XP level 4. HP: 19/36 MP: 3/3
  2487 | D:3      | Noticed Ijyb
  2500 | D:3      | Killed Ijyb
  2508 | D:2      | Reached skill level 8 in Bows
  2719 | D:3      | Reached XP level 5. HP: 7/41 MP: 4/4
  2951 | D:3      | Noticed an ogre
  2958 | D:3      | Killed an ogre
  2958 | D:3      | Reached skill level 9 in Bows
  3847 | D:4      | Noticed dysrexia's ghost (weakling FeCK)
  3851 | D:4      | Killed dysrexia's ghost
  3851 | D:4      | Reached XP level 6. HP: 48/48 MP: 5/5
  4502 | D:4      | Noticed Sigmund
  4523 | D:3      | Reached skill level 1 in Polearms
  4547 | D:4      | Killed Sigmund
  4547 | D:4      | Reached skill level 10 in Bows
  4606 | D:4      | Noticed an ogre
  4636 | D:4      | Killed an ogre
  4636 | D:4      | Reached skill level 1 in Armour
  4636 | D:4      | Reached XP level 7. HP: 56/56 MP: 5/5
  4689 | D:4      | Noticed Duvessa
  4689 | D:4      | Noticed Dowan
  4935 | D:4      | Killed Dowan
  4976 | D:3      | Killed Duvessa
  5053 | D:4      | Noticed Eustachio
  5174 | D:4      | Killed Eustachio
  5531 | D:4      | Noticed an ogre
  5556 | D:4      | Killed an ogre
  5556 | D:4      | Reached skill level 11 in Bows
  5556 | D:4      | Reached XP level 8. HP: 34/63 MP: 6/6
  6491 | D:5      | Entered Level 5 of the Dungeon
  6906 | D:5      | Noticed Spolavi's ghost (experienced GrFi)
  8590 | D:6      | Noticed Crazy Yiuf
  8606 | D:6      | Killed Crazy Yiuf
  8678 | D:6      | Found a staircase to the Ecumenical Temple.
  9071 | D:6      | HP: 2/66 [orc priest/hand axe of electrocution (15)]
  9072 | D:6      | Killed from afar by an orc priest

Action                   |  1- 3 |  4- 6 |  7- 9 || total
-------------------------+-------+-------+-------++-------
Melee: Short sword       |   185 |     9 |       ||   194
       Flail             |       |    76 |       ||    76
       Spear             |       |    70 |       ||    70
       Scythe            |       |     2 |   175 ||   177
       Trident           |       |       |   125 ||   125
 Fire: Shortbow          |    11 |   106 |    81 ||   198
  Use: Scroll            |       |     5 |     3 ||     8
  Eat: Chunk             |     2 |     5 |     6 ||    13
       Meat ration       |       |     1 |     1 ||     2
